Map: Dusk Towers

Players

MorN

  • Race: Terran Terran
  • League: Master

TOMODACHI - Winner!

  • Race: Terran Terran
  • League: Master

VOD

Have the link to the VOD?

Description

Time

  • Played on: Dec. 7, 2015, 3:03 a.m.
  • Length: 3:30
Show
View Real Time Build Order
Export as new Build Order

MorN Terran 

Build Orders: 1/1/1 

Get SALT Encoding   

  12  0:00  SCV  
  13  0:12  SCV  
  14  0:17  Supply Depot  
  14  0:25  SCV  
  14  0:28  Refinery  
  15  0:42  Barracks  
  15  0:45  SCV  
  16  0:51  Refinery  
  16  0:57  SCV  
  17  1:10  SCV  
  18  1:22  SCV  
  19  1:31  Factory  
  19  1:34  Reaper  
  19  1:36  Orbital Command  
  20  1:47  Supply Depot  
  20  2:02  SCV  
  20  2:06  Reaper  
  22  2:14  SCV  
  23  2:17  Starport  
  23  2:19  Hellion  
  25  2:26  SCV  
  26  2:32  Supply Depot  
  26  2:51  Barracks Tech Lab  
  26  2:58  Hellion  
  28  2:59  Viking  
Show
View Real Time Build Order
Export as new Build Order

TOMODACHI Terran - Winner!

Build Orders:  

Get SALT Encoding   

  12  0:00  SCV  
  13  0:13  SCV  
  14  0:20  Supply Depot  
  14  0:26  SCV  
  15  0:42  Barracks  
  15  0:53  Barracks  
  15  0:57  SCV  
  16  1:09  SCV  
  17  1:12  Supply Depot  
  17  1:21  SCV  
  18  1:32  Barracks, Marine  
  19  1:39  Marine  
  20  1:43  Barracks  
  20  1:49  Marine  
  21  1:57  Marine  
  22  2:05  Supply Depot  
  22  2:07  Marine  
  23  2:15  Marine  
  24  2:19  Marine  
  25  2:25  Marine  
  26  2:32  Marine  
  26  2:33  Orbital Command, Marine  
  28  2:37  Marine  
  28  2:40  Supply Depot  
  28  2:43  Marine  
  30  2:49  Marine  
  30  3:00  Marine x2  
  30  3:01  Marine  
  33  3:14  Bunker  
Tags
 
Matchup
TvT
Opening
1/1/1
Race
Terran
Replay Pack
MorN pack 2
Add a new tag
Caveats
  • Supply blocks, unpowered buildings, or Contaminate may cause inaccurate times.
  • Supply counts are checked every 10 seconds.